 Dungeon Crawl Stone Soup version 0.14.0-12-g87ee3b7 (webtiles) character file.

536 4tharraofdagon the Firebug (level 6, 0/30 HPs)
             Began as a Vine Stalker Fire Elementalist on Apr 15, 2014.
             Slain by Prince Ribbit (18 damage)
             ... on Level 6 of the Dungeon.
             The game lasted 00:14:46 (1638 turns).

4tharraofdagon the Firebug (VSFE)                   Turns: 1638, Time: 00:14:46

HP   0/30        AC  2     Str 10      XL: 6   Next: 50%
MP   0/15        EV 12     Int 17      God:
Gold 208         SH  0     Dex 15      Spells:  3 memorised,  3 levels left

rFire  + . .     SeeInvis .     j - +0,+1 glaive (slay drac)
rCold  + . .     Clarity  .     d - +0 robe {rC+ rF+}
rNeg   . . .     Conserve .     (no shield)
rPois  .         rCorr    .     (no helmet)
rElec  .         rRot     +     (no cloak)
SustAb . .       Spirit   +     (no gloves)
rMut   .         Warding  .     (no boots)
Gourm  +         Stasis   .     g - amulet of the gourmand
MR     .....                    (no ring)
                                (no ring)

@: very slightly contaminated, not resistant to hostile enchantments, stealthy
A: fangs 2, regeneration 2, magic shield, antimagic bite, no device heal
a: no special abilities


You were on level 6 of the Dungeon.
You were not hungry.

You visited 1 branch of the dungeon, and saw 6 of its levels.

You collected 208 gold pieces.

Inventory:

Hand weapons
 e - a +0,+0 short sword
 j - a +0,+1 glaive of dragon slaying (weapon)
Armour
 a - a +0 robe
 d - a +0 robe of resistance (worn)
 k - a +0 leather armour
Comestibles
 c - 3 bread rations
Scrolls
 i - a scroll of immolation
 l - a scroll of enchant weapon I
 m - a scroll of teleportation {unknown}
Jewellery
 g - an amulet of the gourmand (around neck)
Potions
 f - a potion of paralysis {unknown}
 h - a potion of restore abilities
 n - 2 potions of curing {unknown}
 o - a potion of mutation {unknown}
Books
 b - a book of Flames

   Spells                             Type                      Level
   *Flame Tongue                      Conjuration/Fire             1
   Throw Flame                        Conjuration/Fire             2
   *Conjure Flame                     Conjuration/Fire             3
   Inner Flame                        Hexes/Fire                   3
   *Sticky Flame                      Conjuration/Fire             4
   Fireball                           Conjuration/Fire             5


   Skills:
 + Level 1.6 Fighting
 * Level 1.1 Short Blades
 - Level 1.5 Dodging
 + Level 3.4 Stealth
 + Level 3.2 Spellcasting
 * Level 3.4 Conjurations
 * Level 4.4 Fire Magic


You had 3 spell levels left.
You knew the following spells:

 Your Spells              Type           Power        Failure   Level  Hunger
a - Flame Tongue          Conj/Fire      ###..        3%          1    None
b - Conjure Flame         Conj/Fire      ###.....     12%         3    ###....
c - Sticky Flame          Conj/Fire      ###.....     38%         4    ####...


Dungeon Overview and Level Annotations

Branches:
Dungeon (6/15)
 Temple: D:4-7

Altars:
Elyvilon
Xom

Shops:
D:4 (

Annotations:
D:2 Terence
D:3 Sigmund
D:5 Blork the orc, Dowan, Duvessa
D:6 Prince Ribbit


Innate Abilities, Weirdness & Mutations

You are immune to rotting.
You have extremely sharp teeth.
You heal very quickly.
When hurt, damage is shared between your health and your magic reserves.
Your bite disrupts and absorbs the magic of your enemies.
Potions and wands cannot restore your HP.


Message History

Aiming: Sticky Flame
Press: ? - help, Shift-Dir - straight line, f/p - Prince Ribbit
Aim: Prince Ribbit You miscast Sticky Flame.
You feel uncomfortably hot.
Prince Ribbit catches a small bird with his tongue.
Prince Ribbit barely misses you.
Prince Ribbit croaks regally.
Prince Ribbit hits you!
Unknown command.
Unknown command.
Casting: Sticky Flame
Confirm with . or Enter, or press ? or * to list all spells.
Aiming: Sticky Flame
Press: ? - help, Shift-Dir - straight line, f/p - Prince Ribbit
Aim: Prince Ribbit You miscast Sticky Flame.
Sparks fly from your hands!
Prince Ribbit croaks regally.
Prince Ribbit hits you!
Ouch! That really hurt!
You die...

. #$ #. #. #. #. ##### #. #...#
o ..# #######.###...# o# ...
........@F....# .# #.#
#######.###...# .# #.# #.# #...#
.# #.# ########.####.## .# #.#
#...##>.......# .# # #.#
#...##........###.#
#.#.####........).....ยง%.###..
#....)..........................
###.####...##........###.###...


You could see Prince Ribbit.

Vanquished Creatures
  An orc warrior (D:3)
  A scorpion (D:4)
  A giant frog skeleton (D:4)
  An orc wizard (D:4)
  Jessica (D:3)
  4 adders
  A giant mite (D:5)
  2 worms
  A giant eyeball (D:4)
  5 orcs
  4 bats
  10 goblins
  5 hobgoblins
  A quokka (D:3)
  4 giant newts
  A giant spore (D:6)
  A goblin skeleton (D:4)
  5 kobolds
  6 rats
  A ballistomycete (D:6)
56 creatures vanquished.

Notes
Turn   | Place    | Note
--------------------------------------------------------------
     0 | D:1      | 4tharraofdagon, the Vine Stalker Fire Elementalist, began the quest for the Orb.
     0 | D:1      | Reached XP level 1. HP: 9/9 MP: 3/3
    85 | D:1      | Reached XP level 2. HP: 13/13 MP: 6/6
   167 | D:3      | Noticed Sigmund
   304 | D:3      | Noticed an orc warrior
   366 | D:2      | Reached XP level 3. HP: 14/17 MP: 0/7
   402 | D:2      | Learned a level 3 spell: Conjure Flame
   454 | D:3      | Noticed Jessica
   485 | D:3      | Killed Jessica
   514 | D:3      | Noticed Terence
   536 | D:4      | Reached XP level 4. HP: 17/21 MP: 0/9
   659 | D:4      | Found a shimmering altar of Xom.
   698 | D:4      | Reached skill level 1 in Fighting
   740 | D:4      | Learned a level 4 spell: Sticky Flame
   810 | D:5      | Entered Level 5 of the Dungeon
   810 | D:5      | Noticed Duvessa
   813 | D:5      | Noticed Dowan
  1050 | D:3      | Found a white marble altar of Elyvilon.
  1050 | D:3      | Noticed an angel
  1121 | D:3      | Killed an orc warrior
  1121 | D:3      | Reached skill level 4 in Fire Magic
  1121 | D:3      | Reached XP level 5. HP: 25/25 MP: 1/13
  1211 | D:4      | Paralysed by a giant eyeball for 4 turns
  1289 | D:4      | Found Zyotyo's Antique Weapon Boutique.
  1324 | D:4      | Noticed a scorpion
  1337 | D:4      | Killed a scorpion
  1337 | D:4      | Gained mutation: You heal very quickly. [vine stalker growth]
  1337 | D:4      | Reached XP level 6. HP: 30/30 MP: 3/15
  1465 | D:4      | Reached skill level 1 in Short Blades
  1531 | D:5      | Noticed Blork the orc
  1623 | D:6      | Noticed Prince Ribbit
  1638 | D:6      | Slain by Prince Ribbit

Action                   |  1- 3 |  4- 6 || total
-------------------------+-------+-------++-------
Melee: Short sword       |    16 |    10 ||    26
       Unarmed           |     6 |       ||     6
       Glaive            |       |    35 ||    35
 Cast: Flame Tongue      |    37 |    54 ||    91
       Conjure Flame     |       |     4 ||     4
       Sticky Flame      |       |     1 ||     1
  Use: Scroll            |       |     6 ||     6
